 Dungeon Crawl Stone Soup version 0.30.0-18-gc0e69614cb (webtiles) character file.

Game seed: 12931489867216516021

32 JanusIIV the Shooter (level 3, -3/15 (22) HPs)
             Began as a Deep Elf Hunter on May 25, 2023.
             Slain by Terence
             ... wielding a +0 short sword of draining
              (5 damage)
             ... on level 2 of the Dungeon.
             The game lasted 00:01:11 (899 turns).

JanusIIV the Shooter (Deep Elf Hunter)               Turns: 899, Time: 00:01:11

HP:   -3/15 (22)    AC:  3    Str:  8    XL:     3   Next: 10%
MP:   5/5           EV: 12    Int: 13    God:
Gold: 41            SH:  0    Dex: 20    Spells: 2/2 levels left

rFire   . . .        a - +0 shortbow
rCold   . . .        (shield currently unavailable)
rNeg    . . .        c - +0 leather armour
rPois   .            (no helmet)
rElec   .            (no cloak)
rCorr   .            (no gloves)
SInv    .            (no boots)
Will    .....        (no amulet)
Stlth   ++           (no ring)
HPRegen 0.22/turn    (no ring)
MPRegen 0.09/turn

%: no passive effects
@: very heavily drained
A: no striking features
a: no special abilities


You were on level 2 of the Dungeon.
You visited 1 branch of the dungeon, and saw 2 of its levels.

You collected 41 gold pieces.

Inventory:

Hand Weapons
 a - a +0 shortbow (weapon)
Armour
 c - a +0 leather armour (worn)
Jewellery
 l - an amulet of magic regeneration
Scrolls
 b - a scroll of immolation
 e - a scroll of identify {unknown}
 f - a scroll of teleportation {unknown}
 g - a scroll of fear {unknown}
 h - a scroll of amnesia {unknown}
 j - a scroll of butterflies {unknown}
Potions
 d - a potion of curing {unknown}
 i - a potion of attraction {unknown}
 k - a potion of brilliance {unknown}


   Skills:
 + Level 2.3 Fighting
 + Level 6.0 Ranged Weapons
 - Level 2.4 Dodging
 - Level 1.2 Stealth


You had 2 spell levels left.
You didn't know any spells.
Your spell library contained the following spells:

 Spells                   Type           Power      Damage    Failure   Level
 Portal Projectile        Hex/Tloc       0%         N/A       80%         3
 Tukima's Dance           Hex            0%         N/A       80%         3
 Blade Hands              Tmut           0%         N/A       100%        5


Dungeon Overview and Level Annotations

Branches:
Dungeon (2/15)

Altars:

Annotations:
D:2 Terence


Message History

Terence the Incautious comes into view.
He is wielding a +0 short sword of draining and wearing a +2 scale mail of cold resistance.
You shoot an arrow. The arrow closely misses Terence.
You shoot an arrow.
The arrow hits Terence but does no damage.
Terence hits you with a +0 short sword of draining.
You feel drained.
You shoot an arrow. The arrow barely misses Terence.
Terence hits you with a +0 short sword of draining.
You feel drained.
You shoot an arrow. The arrow hits Terence!
Terence is heavily wounded.
Terence hits you with a +0 short sword of draining.
You feel drained. Terence barely misses you.
You shoot an arrow. The arrow hits Terence.
Terence is severely wounded.
Terence barely misses you.
You shoot an arrow.
The arrow hits Terence but does no damage.
Terence is severely wounded.
Terence hits you but does no damage.
You feel drained.
You shoot an arrow. The arrow barely misses Terence.
Terence hits you with a +0 short sword of draining.
You feel drained.
You are too injured to fight recklessly!
You are too injured to fight recklessly!
You are too injured to fight recklessly!
You shoot an arrow.
The arrow hits Terence but does no damage.
Terence is severely wounded.
Terence barely misses you.
Terence hits you with a +0 short sword of draining.
* * * LOW HITPOINT WARNING * * *
You feel drained.
* * * LOW HITPOINT WARNING * * *
You shoot an arrow. The arrow hits Terence.
Terence is severely wounded.
Terence barely misses you.
You shoot an arrow. The arrow closely misses Terence.
Terence hits you with a +0 short sword of draining.
You die...

#.......##############
..##..†........
#.....###.#. #.....#
#.#. ##.#####..#.....
................
##.#####.#......
#####.#......
#.@@..#.#####
#.###.#.# .. #... ...
#..... ... #....... ..
#....... . #.......
#.......


You could see Terence.

Vanquished Creatures
  A worm (D:2)
  A dart slug (D:1)
  2 endoplasms (D:1)
  5 goblins (D:1)
  3 hobgoblins (D:1)
  2 ball pythons (D:1)
  3 bats
  6 kobolds (D:1)
  4 rats
27 creatures vanquished.

Notes
Turn   | Place    | Note
-------+----------+-------------------------------------------
     0 | D:1      | JanusIIV the Deep Elf Hunter began the quest for the Orb.
     0 | D:1      | Reached XP level 1. HP: 12/12 MP: 3/3
   165 | D:1      | Reached XP level 2. HP: 17/17 MP: 4/4
   546 | D:1      | Reached skill level 6 in Ranged Weapons
   873 | D:2      | Reached XP level 3. HP: 20/22 MP: 5/5
   889 | D:2      | Noticed Terence
   899 | D:2      | Slain by Terence

Illustrated notes

Levels and vault maps discovered:
D:1:      dpeg_arrival_subterranean_lakeside_camping, layout_loops_corners,
          minmay_statues_item
D:2:      layout_basic, dreamdust_ecumenical_altar_angels_and_demons,
          uniq_terence

Skill      XL: |  1  2 |
---------------+-------+-----
Fighting       | 2 |  2.3
Ranged Weapons | 6 |  6.0
Dodging        | |  2.4
Stealth        | |  1.2

Action                     || total
---------------------------++-------
   Fire: Shortbow          ||    73
 Armour: Leather armour    ||    11
  Dodge: Dodged            ||    16
